TOP OF THE 1ST |
Port Royal Disaster batting - Pitching for Tortolita Drummers : RHP Lorenzo Carregosa
|
Pitching: RHP Lorenzo Carregosa
|
|
Batting: LHB Derek Kelly
|
0-0: Ball 1-0: Fly out, F7 (Line Drive, 7, EV 92.5 MPH)
|
Batting: RHB Nando van der Goor
|
0-0: Ball 1-0: Called Strike 1-1: Ball 2-1: Called Strike 2-2: Ball 3-2: Foul Ball, location: 2F 3-2: SOLO HOME RUN (Line Drive, 7D, EV 92.5 MPH), Distance : 355 ft
|
Batting: LHB Danny Stone
|
0-0: Ground out 4-3 (Groundball, 4, EV 88.1 MPH)
|
Batting: RHB Patrick Rivera
|
0-0: Ball 1-0: Ball 2-0: Ball 3-0: Called Strike 3-1: Ground out 2-3 (Groundball, 2L, EV 67.5 MPH)
|
Top of the 1st over - 1 run, 1 hit, 0 errors, 0 left on base; Port Royal 1 - Tortolita 0 |
BOTTOM OF THE 1ST |
Tortolita Drummers batting - Pitching for Port Royal Disaster : RHP Jurg Roozen
|
Pitching: RHP Jurg Roozen
|
|
Batting: LHB Tony Hernández
|
0-0: Ball 1-0: Foul Ball, location: 2F 1-1: Foul Ball, location: 2F 1-2: Ball 2-2: Strikes out swinging
|
Batting: RHB Roy Stewart
|
0-0: SINGLE (Line Drive, 6D, EV 98.1 MPH)
|
Batting: LHB Bill Stickells
|
0-0: Called Strike Roy Stewart steals 2nd base 0-1: Ball 1-1: Called Strike 1-2: Ground out 6-3 (Groundball, 6M, EV 78.1 MPH) Roy Stewart to third
|
Batting: RHB Leland Sigurdson
|
0-0: Ball 1-0: Foul Ball, location: 2F 1-1: Ball 2-1: Called Strike 2-2: Fly out, F8 (Flyball, 89M, EV 82.5 MPH)
|
Bottom of the 1st over - 0 runs, 1 hit, 0 errors, 1 left on base; Port Royal 1 - Tortolita 0 |
TOP OF THE 2ND |
Port Royal Disaster batting - Pitching for Tortolita Drummers : RHP Lorenzo Carregosa
|
Batting: RHB Gerold Kent
|
0-0: Foul Ball, location: 2F 0-1: Ball 1-1: Foul Ball, location: 2F 1-2: Ball 2-2: Strikes out looking
|
Batting: RHB Louie Kennard
|
0-0: Called Strike 0-1: Ball 1-1: Ball 2-1: Ball 3-1: Base on Balls
|
Batting: RHB Tomás Martí
|
0-0: Called Strike 0-1: Fly out, F4 (Flyball, 4D, EV 80.0 MPH)
|
Batting: RHB Sean Roberts
|
0-0: Ball Louie Kennard is caught stealing 2nd base 2-4
|
Top of the 2nd over - 0 runs, 0 hits, 0 errors, 0 left on base; Port Royal 1 - Tortolita 0 |
BOTTOM OF THE 2ND |
Tortolita Drummers batting - Pitching for Port Royal Disaster : RHP Jurg Roozen
|
Batting: LHB John Manley
|
0-0: Ball 1-0: Called Strike 1-1: Foul Ball, location: 2F 1-2: Fly out, F8 (Line Drive, 8RM, EV 90.6 MPH)
|
Batting: SHB Ross Evans
|
0-0: Called Strike 0-1: Swinging Strike 0-2: Strikes out swinging
|
Batting: RHB Patrício Gerardes
|
0-0: Called Strike 0-1: SINGLE (Groundball, 34D, EV 105.0 MPH)
|
Batting: RHB Yataro Nagai
|
0-0: Ball 1-0: Swinging Strike 1-1: Foul Ball, location: 2F 1-2: Foul Ball, location: 2F 1-2: Ball 2-2: Fly out, F1 (Line Drive, P, EV 73.8 MPH)
|
Bottom of the 2nd over - 0 runs, 1 hit, 0 errors, 1 left on base; Port Royal 1 - Tortolita 0 |
TOP OF THE 3RD |
Port Royal Disaster batting - Pitching for Tortolita Drummers : RHP Lorenzo Carregosa
|
Batting: RHB Sean Roberts
|
0-0: Ball 1-0: Called Strike 1-1: Ball 2-1: SINGLE (Groundball, 56D, EV 106.9 MPH)
|
Batting: RHB Doug Dendy
|
0-0: Foul Ball, location: 2F 0-1: Foul Ball, location: 2F 0-2: Foul Ball, location: 2F 0-2: Ball 1-2: Ball 2-2: Foul Ball, location: 2F 2-2: Fielders Choice at 2nd, 4-6 (Groundball, 4, EV 88.1 MPH)
|
Batting: LHB Derek Kelly
|
0-0: Swinging Strike 0-1: Called Strike 0-2: Ball 1-2: Ball 2-2: Fielders Choice at 2nd, 3-6 (Groundball, 3S, EV 75.6 MPH)
|
Batting: RHB Nando van der Goor
|
0-0: Ball 1-0: Called Strike 1-1: Hit by Pitch Derek Kelly to second
|
Batting: LHB Danny Stone
|
0-0: Ball 1-0: Ball 2-0: Ball 3-0: Base on Balls Derek Kelly to third Nando van der Goor to second
|
Batting: RHB Patrick Rivera
|
0-0: Swinging Strike 0-1: Called Strike 0-2: Ball 1-2: Strikes out swinging
|
Top of the 3rd over - 0 runs, 1 hit, 0 errors, 3 left on base; Port Royal 1 - Tortolita 0 |
BOTTOM OF THE 3RD |
Tortolita Drummers batting - Pitching for Port Royal Disaster : RHP Jurg Roozen
|
Batting: RHB Bao-tian Tong
|
0-0: Called Strike 0-1: Ball 1-1: SINGLE (Groundball, 34S, EV 60.0 MPH) (infield hit)
|
Batting: LHB Tony Hernández
|
0-0: Ball 1-0: Ball 2-0: Ball 3-0: Base on Balls Bao-tian Tong to second
|
Batting: RHB Roy Stewart
|
0-0: SINGLE (Line Drive, 8RS, EV 95.6 MPH) Bao-tian Tong to third Tony Hernández to second
|
Batting: LHB Bill Stickells
|
0-0: Called Strike 0-1: Foul Ball, location: 2F 0-2: Foul Ball, location: 2F 0-2: Ball 1-2: Ball 2-2: Foul Ball, location: 2F 2-2: Ball 3-2: SINGLE (Flyball, 6D, EV 93.1 MPH) Bao-tian Tong scores Tony Hernández to third Roy Stewart to second
|
Batting: RHB Leland Sigurdson
|
0-0: Grounds into double play, 6-4-3 (Groundball, 6, EV 93.8 MPH) Tony Hernández scores Roy Stewart to third
|
Batting: LHB John Manley
|
0-0: Fly out, F8 (Flyball, 8LD, EV 102.5 MPH)
|
Bottom of the 3rd over - 2 runs, 3 hits, 0 errors, 1 left on base; Port Royal 1 - Tortolita 2 |
TOP OF THE 4TH |
Port Royal Disaster batting - Pitching for Tortolita Drummers : RHP Lorenzo Carregosa
|
Batting: RHB Gerold Kent
|
0-0: Foul Ball, location: 2F 0-1: Fly out, F9 (Line Drive, 9D, EV 98.1 MPH)
|
Batting: RHB Louie Kennard
|
0-0: Called Strike 0-1: Fly out, F1 (Line Drive, P, EV 65.6 MPH)
|
Batting: RHB Tomás Martí
|
0-0: Ball 1-0: Called Strike 1-1: Called Strike 1-2: Ball 2-2: Strikes out swinging
|
Top of the 4th over - 0 runs, 0 hits, 0 errors, 0 left on base; Port Royal 1 - Tortolita 2 |
BOTTOM OF THE 4TH |
Tortolita Drummers batting - Pitching for Port Royal Disaster : RHP Jurg Roozen
|
Batting: SHB Ross Evans
|
0-0: Foul Ball, location: 2F 0-1: Foul Ball, location: 2F 0-2: Ball 1-2: Ball 2-2: Foul Ball, location: 2F 2-2: Fly out, F7 (Flyball, 78D, EV 102.5 MPH)
|
Batting: RHB Patrício Gerardes
|
0-0: Called Strike 0-1: Called Strike 0-2: Ground out 4-3 (Groundball, 4, EV 84.4 MPH)
|
Batting: RHB Yataro Nagai
|
0-0: Ball 1-0: Ball 2-0: Called Strike 2-1: Ground out 4-3 (Groundball, 4, EV 103.8 MPH)
|
Bottom of the 4th over - 0 runs, 0 hits, 0 errors, 0 left on base; Port Royal 1 - Tortolita 2 |
TOP OF THE 5TH |
Port Royal Disaster batting - Pitching for Tortolita Drummers : RHP Lorenzo Carregosa
|
Batting: RHB Sean Roberts
|
0-0: Swinging Strike 0-1: Ball 1-1: Ball 2-1: Called Strike 2-2: Ball 3-2: Ground out 6-3 (Groundball, 6S, EV 66.9 MPH)
|
Batting: RHB Doug Dendy
|
0-0: Called Strike 0-1: Ball 1-1: Ball 2-1: Swinging Strike 2-2: Ball 3-2: Base on Balls
|
Batting: LHB Derek Kelly
|
0-0: Ball 1-0: Called Strike 1-1: Foul Ball, location: 2F 1-2: Ball 2-2: Ball 3-2: Base on Balls Doug Dendy to second
|
Batting: RHB Nando van der Goor
|
0-0: Ball 1-0: 3-RUN HOME RUN (Flyball, 7LD, EV 95.6 MPH), Distance : 368 ft
|
Batting: LHB Danny Stone
|
0-0: Called Strike 0-1: Swinging Strike 0-2: Ball 1-2: Ball 2-2: Strikes out swinging
|
Batting: RHB Patrick Rivera
|
0-0: Called Strike 0-1: Ball 1-1: Ball 2-1: Foul Ball, location: 2F 2-2: Fly out, F4 (Line Drive, 4, EV 68.8 MPH)
|
Top of the 5th over - 3 runs, 1 hit, 0 errors, 0 left on base; Port Royal 4 - Tortolita 2 |
BOTTOM OF THE 5TH |
Tortolita Drummers batting - Pitching for Port Royal Disaster : RHP Jurg Roozen
|
Batting: RHB Bao-tian Tong
|
0-0: Called Strike 0-1: SINGLE (Groundball, 5S, EV 71.2 MPH) (infield hit)
|
Batting: LHB Tony Hernández
|
0-0: Ball 1-0: SINGLE (Groundball, 25, EV 75.0 MPH) (infield hit) Bao-tian Tong to second
|
Batting: RHB Roy Stewart
|
0-0: Sac Bunt to 23 - play at first, batter OUT! 3-4 Bao-tian Tong to third Tony Hernández to second
|
Batting: LHB Bill Stickells
|
0-0: Ball 1-0: Called Strike 1-1: Ball 2-1: Ball 3-1: SINGLE (Flyball, 8LS, EV 85.0 MPH) Bao-tian Tong scores Tony Hernández to third
|
Batting: RHB Leland Sigurdson
|
0-0: Called Strike 0-1: Grounds into double play, 6-4-3 (Groundball, 6, EV 90.0 MPH)
|
Bottom of the 5th over - 1 run, 3 hits, 0 errors, 1 left on base; Port Royal 4 - Tortolita 3 |
TOP OF THE 6TH |
Port Royal Disaster batting - Pitching for Tortolita Drummers : RHP Lorenzo Carregosa
|
Batting: RHB Gerold Kent
|
0-0: Swinging Strike 0-1: Fly out, F9 (Flyball, 89D, EV 93.8 MPH)
|
Batting: RHB Louie Kennard
|
0-0: Ball 1-0: Foul Ball, location: 2F 1-1: Swinging Strike 1-2: Foul Ball, location: 2F 1-2: Foul Ball, location: 2F 1-2: Ball 2-2: Fly out, F4 (Popup, 23, EV 76.9 MPH)
|
Batting: RHB Tomás Martí
|
0-0: Called Strike 0-1: Fly out, F8 (Flyball, 8RS, EV 88.1 MPH)
|
Top of the 6th over - 0 runs, 0 hits, 0 errors, 0 left on base; Port Royal 4 - Tortolita 3 |
BOTTOM OF THE 6TH |
Tortolita Drummers batting - Pitching for Port Royal Disaster : RHP Jurg Roozen
|
Batting: LHB John Manley
|
0-0: Swinging Strike 0-1: Reached via error on a dropped throw from 1B, E1 (Groundball, 34, EV 86.2 MPH)
|
Batting: SHB Ross Evans
|
0-0: Foul Ball, location: 2F 0-1: Ball 1-1: Ball 2-1: Ball 3-1: Called Strike 3-2: DOUBLE (Line Drive, 89M, EV 94.4 MPH) John Manley to third
|
Batting: RHB Patrício Gerardes
|
0-0: Ball Wild Pitch! John Manley scores Ross Evans to third 1-0: Swinging Strike 1-1: SINGLE (Line Drive, 9S, EV 110.6 MPH) Ross Evans scores
|
Pitching: RHP José Díaz
|
|
Batting: RHB Yataro Nagai
|
0-0: Ball 1-0: Ball 2-0: Swinging Strike 2-1: Called Strike 2-2: Strikes out swinging
|
Batting: RHB Bao-tian Tong
|
0-0: Ground out U3 (Groundball, 3, EV 90.0 MPH) Patrício Gerardes to second
|
Batting: LHB Tony Hernández
|
0-0: Ball 1-0: Called Strike 1-1: 2-RUN HOME RUN (Flyball, 9D, EV 95.0 MPH), Distance : 382 ft
|
Batting: RHB Roy Stewart
|
0-0: Called Strike 0-1: Fly out, F3 (Line Drive, 3, EV 65.6 MPH)
|
Bottom of the 6th over - 4 runs, 3 hits, 1 error, 0 left on base; Port Royal 4 - Tortolita 7 |
TOP OF THE 7TH |
Port Royal Disaster batting - Pitching for Tortolita Drummers : RHP Lorenzo Carregosa
|
Pitching: RHP Noah Keyte
|
|
Batting: RHB Sean Roberts
|
0-0: Ball 1-0: Ground out 4-3 (Groundball, 4, EV 99.4 MPH)
|
Batting: RHB Doug Dendy
|
0-0: Ball 1-0: Swinging Strike 1-1: Called Strike 1-2: Foul Ball, location: 2F 1-2: Strikes out looking
|
Batting: LHB Derek Kelly
|
0-0: Ball 1-0: Ground out 4-3 (Groundball, 4, EV 111.9 MPH)
|
Top of the 7th over - 0 runs, 0 hits, 0 errors, 0 left on base; Port Royal 4 - Tortolita 7 |
BOTTOM OF THE 7TH |
Tortolita Drummers batting - Pitching for Port Royal Disaster : RHP José Díaz
|
Batting: LHB Bill Stickells
|
0-0: Ball 1-0: Ground out 6-3 (Groundball, 6, EV 102.5 MPH)
|
Batting: RHB Leland Sigurdson
|
0-0: Foul Ball, location: 2F 0-1: Ball 1-1: Ball 2-1: Ball 3-1: Called Strike 3-2: SINGLE (Line Drive, 6MD, EV 95.6 MPH)
|
Batting: LHB John Manley
|
0-0: Ball 1-0: Ball 2-0: Swinging Strike 2-1: Swinging Strike 2-2: Ball 3-2: Strikes out swinging
|
Batting: SHB Ross Evans
|
0-0: Foul Ball, location: 2F 0-1: Ball Leland Sigurdson is caught stealing 2nd base 2-6
|
Bottom of the 7th over - 0 runs, 1 hit, 0 errors, 0 left on base; Port Royal 4 - Tortolita 7 |
TOP OF THE 8TH |
Port Royal Disaster batting - Pitching for Tortolita Drummers : RHP Noah Keyte
|
Batting: RHB Nando van der Goor
|
0-0: Called Strike 0-1: Called Strike 0-2: Strikes out looking
|
Batting: LHB Danny Stone
|
0-0: Ball 1-0: Foul Ball, location: 2F 1-1: Called Strike 1-2: Ball 2-2: SINGLE (Flyball, 34D, EV 95.6 MPH)
|
Batting: RHB Patrick Rivera
|
0-0: Called Strike 0-1: Swinging Strike 0-2: Strikes out looking
|
Batting: RHB Gerold Kent
|
0-0: Swinging Strike 0-1: Swinging Strike 0-2: Ball 1-2: Foul Ball, location: 2F 1-2: Strikes out swinging
|
Top of the 8th over - 0 runs, 1 hit, 0 errors, 1 left on base; Port Royal 4 - Tortolita 7 |
BOTTOM OF THE 8TH |
Tortolita Drummers batting - Pitching for Port Royal Disaster : RHP José Díaz
|
Batting: SHB Ross Evans
|
0-0: Called Strike 0-1: Called Strike 0-2: Ground out 6-3 (Groundball, 56, EV 90.6 MPH)
|
Batting: RHB Patrício Gerardes
|
0-0: Called Strike 0-1: Swinging Strike 0-2: Ball 1-2: Ball 2-2: Foul Ball, location: 2F 2-2: Ball 3-2: Base on Balls
|
Batting: RHB Yataro Nagai
|
0-0: Ball 1-0: Called Strike 1-1: Ball 2-1: Swinging Strike 2-2: Strikes out swinging
|
Pitching: RHP Neil Young
|
|
Batting: RHB Bao-tian Tong
|
0-0: Called Strike 0-1: Ball 1-1: Called Strike 1-2: Ball 2-2: Strikes out swinging
|
Bottom of the 8th over - 0 runs, 0 hits, 0 errors, 1 left on base; Port Royal 4 - Tortolita 7 |
TOP OF THE 9TH |
Port Royal Disaster batting - Pitching for Tortolita Drummers : RHP Noah Keyte
|
Pitching: LHP Gabriel Leeds
|
|
Batting: RHB Louie Kennard
|
0-0: Called Strike 0-1: Ball 1-1: Ball 2-1: Ground out 6-3 (Groundball, 6, EV 98.1 MPH)
|
Batting: RHB Tomás Martí
|
0-0: Called Strike 0-1: Ball 1-1: Ball 2-1: Fly out, F8 (Flyball, 8LD, EV 85.0 MPH)
|
Batting: RHB Sean Roberts
|
0-0: Foul Ball, location: 2F 0-1: Foul Ball, location: 2F 0-2: Foul Ball, location: 2F 0-2: Ball 1-2: Foul Ball, location: 2F 1-2: Strikes out looking
|
Top of the 9th over - 0 runs, 0 hits, 0 errors, 0 left on base; Port Royal 4 - Tortolita 7 |
|